Map: Kairos Junction LE

Players

Mez - Winner!

  • Race: Terran Terran
  • League: Master
  • Spawn Location: 11:00

CoLLectoR

  • Race: Terran Terran
  • League: Master
  • Spawn Location: 5:00

VOD

Have the link to the VOD?

Description

Time

  • Played on: Aug. 19, 2019, 11:51 a.m.
  • Length: 16:30
Show
View Real Time Build Order
Export as new Build Order

Mez Terran - Winner!

Build Orders:  

Get SALT Encoding   

  12  0:00  SCV  
  13  0:12  SCV  
  14  0:17  Supply Depot  
  14  0:25  SCV  
  15  0:38  SCV  
  15  0:40  Barracks  
  16  0:45  Refinery  
  16  0:50  Refinery  
  16  0:54  SCV  
  17  1:06  SCV  
  18  1:18  SCV  
  19  1:28  Reaper  
  19  1:31  Orbital Command  
  20  1:40  Factory  
  20  1:47  Supply Depot  
  20  1:57  SCV  
  20  2:01  Reaper  
  22  2:13  SCV  
  23  2:24  Command Center  
  23  2:32  Factory Tech Lab  
  23  2:34  Barracks Reactor  
  23  2:36  SCV  
  23  2:44  Supply Depot  
  23  2:49  SCV, Starport  
  24  2:53  Hellion  
  26  3:01  SCV  
  27  3:11  Marine  
  27  3:12  Marine  
  29  3:13  SCV  
  29  3:15  Siege Tank  
  33  3:25  SCV  
  34  3:28  Starport Tech Lab  
  34  3:32  Refinery  
  34  3:33  Marine  
  34  3:34  Marine  
  36  3:36  Orbital Command  
  36  3:38  SCV  
  37  3:48  Raven  
  39  3:50  SCV  
  40  3:56  Marine x2  
  40  4:02  SCV x2  
  47  4:10  Siege Tank  
  47  4:14  SCV, Marine  
  47  4:15  SCV  
  43  4:33  SCV x2  
  43  4:37  Marine x2  
  47  4:42  Raven  
  49  4:52  SCV  
  50  4:55  SCV  
  50  4:56  Marine x2  
  53  5:06  Supply Depot  
  53  5:07  Supply Depot  
  53  5:10  Siege Tank, SCV x2  
  57  5:30  SCV x2  
  59  5:36  Supply Depot  
  59  5:37  Supply Depot  
  59  5:38  Stimpack  
  59  5:40  Command Center  
  59  5:46  Viking x2  
  59  5:49  SCV  
  64  5:51  SCV  
  65  6:03  Siege Tank  
  68  6:05  SCV  
  68  6:06  SCV  
  70  6:13  Marine  
  70  6:18  SCV x2  
  73  6:20  Barracks  
  73  6:21  Barracks  
  73  6:30  SCV x2  
  75  6:33  Marine  
  75  6:35  Viking x2  
  80  6:42  SCV x2  
  82  6:48  Siege Tank  
  82  6:53  Engineering Bay  
  86  6:54  SCV x2  
  86  6:56  Orbital Command  
  87  7:02  Refinery  
  87  7:04  Supply Depot  
  87  7:06  SCV x2, Marine  
  91  7:14  Viking x2  
  94  7:32  Barracks Reactor  
  94  7:33  Barracks Tech Lab  
  94  7:34  Siege Tank, Marauder  
  94  7:36  Orbital Command  
  99  7:44  Barracks, Medivac x2, Terran Infantry Weapons Level 1  
  99  7:45  Barracks  
  99  7:46  Supply Depot x2  
  97  8:05  Marine x2  
  79  8:07  Siege Tank  
  73  8:16  Marine x2  
  73  8:19  Combat Shield  
  75  8:23  Marine x2  
  71  8:37  Marine x4  
  73  8:41  Marauder x2  
  73  8:47  Liberator x2  
  72  8:55  Marine  
  70  8:56  Marine x3  
  70  9:01  SCV x3  
  70  9:03  Marauder x2  
  78  9:13  SCV x3  
  77  9:24  Marauder x2  
  77  9:25  SCV x3  
  77  9:29  Barracks Reactor  
  77  9:30  Marine x2, Barracks Tech Lab  
  84  9:37  SCV x3  
  87  9:42  Siege Tank  
  94  9:45  Marauder  
  94  9:46  Marauder  
  94  9:48  Marine x2  
  94  9:49  SCV x2  
  94  9:50  SCV  
  99  9:55  Marauder  
  99  9:57  Terran Infantry Armor Level 1  
  101  10:00  Barracks  
  101  10:01  SCV, Barracks  
  101  10:02  SCV  
  101  10:03  SCV, Barracks  
  105  10:07  Marauder  
  105  10:10  Viking x2  
  105  10:13  SCV  
  105  10:14  SCV  
  99  10:26  Marine  
  99  10:27  Marine x2, Marauder x2  
  99  10:28  Marauder  
  103  10:31  SCV x3, Starport  
  103  10:33  Command Center  
  103  10:34  Refinery  
  106  10:42  Marine  
  106  10:43  SCV x3  
  106  10:44  Marine x2  
  106  10:48  Marauder  
  114  11:00  Siege Tank  
  114  11:02  Barracks Tech Lab x3  
  96  11:15  Marine x3, Marauder x3  
  96  11:16  Marine  
  96  11:20  Engineering Bay, Armory  
  94  11:28  Starport Reactor  
  94  11:29  Viking x2  
  98  11:33  Starport  
  98  11:35  SCV x3  
  98  11:37  Marauder  
  98  11:39  Refinery  
  103  11:43  Marine x2, Marauder x4  
  113  11:59  Viking x2  
  112  12:08  Viking x2  
  112  12:11  Starport Tech Lab  
  115  12:22  Marine x2, Marauder x4  
  123  12:23  Marine, Marauder  
  128  12:36  Siege Tank  
  128  12:37  Viking x2  
  133  12:38  Liberator  
  131  12:55  Viking x2  
  131  12:57  Liberator  
  133  13:06  Planetary Fortress  
  120  13:34  Marine x2, Marauder x3, Liberator x2  
  116  13:35  Siege Tank  
  122  13:59  Marine  
  122  14:00  Marine, Marauder x3  
  130  14:07  Marine  
  130  14:08  Marine, Marauder x2  
  130  14:09  Orbital Command  
  133  14:17  Liberator  
  133  14:18  Liberator  
  133  14:27  Marine x4, Marauder x3  
  140  15:34  Supply Depot x2  
  140  15:35  Supply Depot  
  140  15:36  Supply Depot x2  
  140  15:37  Supply Depot  
  138  15:44  Orbital Command  
  138  15:45  Marine  
  138  15:47  Marine x2  
  138  15:49  Marine  
  133  15:55  Viking  
  133  15:56  Marauder x6  
  141  16:12  Marine x2  
Show
View Real Time Build Order
Export as new Build Order

CoLLectoR Terran 

Build Orders: 1/1/1, Cyclone Opening, Mech 

Get SALT Encoding   

  12  0:01  SCV  
  13  0:13  SCV  
  14  0:17  Supply Depot  
  14  0:25  SCV  
  15  0:35  Refinery  
  15  0:39  SCV  
  16  0:44  Barracks  
  16  0:51  SCV  
  17  1:05  SCV  
  18  1:13  Refinery  
  18  1:17  SCV  
  19  1:33  Marine, Orbital Command  
  19  1:39  Factory  
  20  1:47  Supply Depot  
  20  1:50  Marine  
  21  1:59  SCV  
  22  2:08  Marine  
  22  2:11  SCV  
  24  2:23  SCV  
  24  2:24  Starport  
  24  2:26  Factory Tech Lab  
  24  2:28  Barracks Reactor  
  25  2:36  SCV  
  26  2:37  Supply Depot  
  26  2:45  Cyclone  
  26  2:48  SCV  
  30  2:57  Supply Depot  
  30  3:00  Medivac  
  30  3:05  Marine x2  
  34  3:07  SCV  
  35  3:17  Siege Tank  
  38  3:24  Marine  
  39  3:31  Engineering Bay, Starport Tech Lab  
  39  3:38  Marine  
  39  3:40  SCV  
  41  3:41  Marine  
  41  3:44  Supply Depot  
  42  3:50  Raven  
  44  3:58  Missile Turret  
  44  3:59  Marine  
  45  4:04  SCV  
  45  4:08  Marine  
  47  4:17  Marine  
  45  4:33  Viking  
  47  4:40  Siege Tank  
  47  4:44  Command Center  
  50  5:02  Marine x2  
  50  5:03  Viking  
  50  5:04  SCV  
  50  5:06  Supply Depot  
  54  5:28  Siege Tank  
  57  5:33  SCV  
  58  5:44  Refinery  
  58  5:46  Refinery  
  58  5:48  Factory  
  58  5:49  Factory  
  58  5:50  Barracks Reactor  
  58  5:57  Orbital Command  
  58  6:01  Missile Turret  
  58  6:12  SCV  
  58  6:17  Siege Tank  
  62  6:27  Missile Turret x2  
  62  6:31  Viking  
  64  6:34  SCV  
  64  6:35  SCV  
  66  6:44  Siege Tank  
  66  6:46  SCV  
  70  6:50  Missile Turret, Supply Depot  
  70  6:59  Viking  
  72  7:02  Viking  
  72  7:05  SCV  
  72  7:06  SCV  
  76  7:09  Supply Depot  
  76  7:16  Supply Depot  
  76  7:17  SCV  
  77  7:30  Siege Tank x2  
  77  7:32  SCV  
  77  7:33  SCV  
  60  8:13  Siege Tank  
  60  8:14  Siege Tank, Hellion  
  60  8:15  Viking  
  60  8:16  Viking  
  72  8:30  Command Center  
  67  8:36  Hellion  
  69  8:50  Siege Tank x2  
  75  8:57  Hellion  
  63  9:18  Hellion  
  63  9:22  Viking, Siege Tank x2  
  66  9:33  Viking  
  68  9:42  Orbital Command  
  68  9:44  SCV x2  
  68  9:45  Refinery x2  
  70  9:48  Infernal Pre-Igniter  
  70  9:54  Hellion x2  
  70  9:55  Hellion  
  70  9:56  Hellion  
  70  9:58  SCV  
  79  10:04  Viking  
  81  10:07  Supply Depot  
  78  10:23  Viking  
  78  10:24  Siege Tank x2  
  83  10:29  SCV x2  
  83  10:36  SCV  
  83  10:41  SCV x2  
  85  10:56  Siege Tank x2  
  71  11:18  Viking, Hellion x2  
  70  11:19  Viking  
  74  11:30  Hellion x2  
  78  11:33  SCV  
  78  11:35  SCV  
  80  11:48  Hellion x2  
  80  12:10  Viking x2  
  80  12:11  Siege Tank x2  
  90  12:21  Hellion x2  
  94  12:45  Siege Tank x2, Hellion  
  94  12:46  Viking x2, Hellion  
  106  13:07  Hellion  
  108  13:16  Viking  
  108  13:17  Siege Tank x2  
  102  13:41  Hellion x2  
  99  14:02  SCV  
  99  14:03  SCV x2  
  99  14:15  SCV x2  
  101  14:19  Viking x2  
  92  14:49  Viking x2  
  55  15:15  Siege Tank x2  
  55  15:16  Hellion  
  55  15:19  Viking x2  
  67  15:25  Missile Turret  
  64  15:38  Hellion x2  
Tags
 
Add a new tag
Caveats
  • Supply blocks, unpowered buildings, or Contaminate may cause inaccurate times.
  • Supply counts are checked every 10 seconds.